 Dungeon Crawl Stone Soup version 0.30-a0-860-g512cf1e979 (webtiles) character file.

Game seed: 16296083458166007000

34 qeuew the Sneak (level 3, -1/14 HPs)
             Began as a Felid Enchanter on Mar 7, 2023.
             Slain by a worm (11 damage)
             ... on level 2 of the Dungeon.
             The game lasted 00:01:39 (536 turns).

qeuew the Sneak (Felid Enchanter)                    Turns: 536, Time: 00:01:39

Health: -1/14      AC:  1    Str: 12    XL:     3   Next: 14%
Magic:  7/7        EV: 22    Int: 14    God:
Gold:   17         SH:  0    Dex: 16    Spells: 4/6 levels left
                                        Lives:  0   Deaths: 0

rFire   . . .      SeeInvis +      - Unarmed
rCold   . . .      Faith    .    (shield unavailable)
rNeg    . . .      Spirit   .    (body armour unavailable)
rPois   .          Reflect  .    (helmet unavailable)
rElec   .          Rampage  .    (cloak unavailable)
rCorr   .                        (gloves unavailable)
Will    .....                    (boots unavailable)
Stlth   +++                      e - amulet of regeneration
HPRegen 1.02/turn                b - +5 ring of evasion
MPRegen 0.10/turn                (no ring)

@: quick
A: very small, claws 1, fangs 3, see invisible, speed 1, shaggy fur 1, stealthy
paws, no weapons or thrown items, no armour, multi-lived, strong 2
a: no special abilities


You were on level 2 of the Dungeon.
You visited 1 branch of the dungeon, and saw 2 of its levels.

You collected 17 gold pieces.

Inventory:

Jewellery
 b - a +5 ring of evasion (left paw)
 e - an amulet of regeneration (around neck)
Scrolls
 g - a scroll of fear
Potions
 a - 2 potions of invisibility


   Skills:
 + Level 3.1 Dodging
 * Level 4.8 Stealth
 + Level 1.3 Unarmed Combat
 + Level 2.2 Spellcasting
 + Level 4.7 Hexes


You had 4 spell levels left.
You knew the following spells:

 Your Spells              Type           Power      Damage    Failure   Level
a - Ensorcelled Hibernat  Hex/Ice        16%        N/A       13%         2

Your spell library contained the following spells:

 Spells                   Type           Power      Damage    Failure   Level
 Confusing Touch          Hex            14%        N/A       10%         3
 Tukima's Dance           Hex            14%        N/A       10%         3
 Dazzling Flash           Conj/Hex       16%        N/A       26%         3
 Spider Form              Tmut/Pois      1%         N/A       56%         3
 Anguish                  Hex/Necr       4%         N/A       65%         4


Dungeon Overview and Level Annotations

Branches:
Dungeon (2/15)

Altars:

Shops:
D:1 [*?[


Innate Abilities, Weirdness & Mutations

You have sharp claws.
You have razor-sharp teeth.
You have supernaturally acute eyesight. (SInv)
You cover ground quickly. (Speed+)
You are covered in fur. (AC +1)
Your paws help you pounce on unaware monsters.
You are incapable of wielding weapons or throwing items.
You cannot wear armour.
You gain extra lives every three experience levels.
Your muscles are very strong. (Str +8, Int/Dex -2)


Message History

Found a glowing blue amulet and 2 ruby potions.
There is a stone staircase leading up here.
c - an amulet of guardian spirit A kobold comes into view.
It is wielding a +0 whip.
You see here a scroll of teleportation.
A kobold is nearby!
A kobold is nearby!
You drop an amulet of guardian spirit.
A kobold is nearby!
A kobold is nearby!
A kobold is nearby!
Found a robe.
A worm comes into view.
A frilled lizard comes into view.
Found a stone staircase leading down.
A rat and an adder come into view.
You barely miss the kobold. The kobold closely misses you.
You scratch the kobold.
You kill the kobold!
You barely miss the frilled lizard. The frilled lizard misses you.
You completely miss the rat. The frilled lizard misses you.
The rat completely misses you.
You scratch the rat.
You kill the rat!
The adder hisses angrily.
The frilled lizard bites you.
A goblin comes into view. It is wielding a +0 dagger.
The goblin shouts!
You scratch the worm. You bite the worm.
The worm is lightly wounded.
The frilled lizard completely misses you.
The worm misses you.
You completely miss the worm.
The worm is lightly wounded.
The frilled lizard misses you.
You barely miss the worm.
The worm is lightly wounded.
The adder bites you. The worm bites you!
Ouch! That really hurt!
You die...

#....<.#.# ..#
#####..#.####.#
#.......#?###
##....."....####.#
#.....#.......... #
#.!.....#.#.#####..
#.#.##......##.....
#.#..##.#.......#.#
#.##$#.....@).[....
... ....8.wlS.8....
## #..#..........#.
...............#
##..#....>.....#
#.#......g.....
#.........#.#
..8.....8.#.#


You could see a worm, an adder, a goblin and a frilled lizard.

Vanquished Creatures
  3 dart slugs (D:1)
  A ball python (D:1)
  3 bats (D:1)
  2 endoplasms (D:1)
  3 giant cockroaches (D:1)
  A hobgoblin (D:1)
  2 quokkas (D:1)
  A frilled lizard (D:1)
  7 kobolds
  2 rats
25 creatures vanquished.

Notes
Turn   | Place    | Note
-------+----------+-------------------------------------------
     0 | D:1      | qeuew the Felid Enchanter began the quest for the Orb.
     0 | D:1      | Reached XP level 1. HP: 7/7 MP: 4/4
   130 | D:1      | Reached XP level 2. HP: 11/11 MP: 6/6
   151 | D:1      | Learned a level 2 spell: Ensorcelled Hibernation
   235 | D:1      | Found Gygec's Armour Shoppe.
   259 | D:1      | Found Riattubo's Magic Scroll Emporium.
   283 | D:1      | Found Zahid Ykel's Antique Armour Boutique.
   288 | D:1      | Reached XP level 3. HP: 14/14 MP: 7/7
   439 | D:1      | Found Amedeax's Assorted Antiques.
   507 | D:1      | Gained mutation: Your muscles are strong. (Str +4, Int/Dex
                  | -1) [potion of mutation]
   507 | D:1      | Gained mutation: Your muscles are very strong. (Str +8,
                  | Int/Dex -2) [potion of mutation]
   536 | D:2      | Slain by a worm

Illustrated notes

Levels and vault maps discovered:
D:1:      minmay_arrival_shattered_statue, layout_rooms, serial_shops, shop,
          nicolae_shop_overgrown_old_shop, nicolae_shop_trees,
          nicolae_shop_trees
D:2:      layout_rooms, serial_glass, glass_columns_c, glass_columns_a,
          shapermc_ecumenical_altar_pompeii, st_stairs_1, uniq_sigmund

Skill      XL: |  1  2 |
---------------+-------+-----
Dodging        | 3 |  3.1
Stealth        | |  4.8
Unarmed Combat | |  1.3
Spellcasting   | |  2.2
Hexes          | |  4.7

Action                     || total
---------------------------++-------
  Melee: Unarmed           ||   105
         Bite              ||    12
         Punch             ||     1
    Use: Scroll            ||     5
         Potion            ||     1
   Stab: Sleeping          ||     4
 Armour: Skin              ||     4
  Dodge: Dodged            ||   114

Table legend: (Time is in decaauts)
 A = Elapsed time spent in this place.
 B = Non-inter-level travel time spent in this place.
 C = Inter-level travel time spent in this place.
 D = Time resting spent in this place.
 E = Time spent auto-exploring this place.
 F = Levels seen in this place.
 G = Mean time per level.
                   A        B        C        D        E       F      G
               +--------+--------+--------+--------+--------+-----+--------+
         Total |    454 |    454 |      0 |      0 |    244 |   2 |  227.0 |
       Dungeon |    454 |    454 |      0 |      0 |    244 |   2 |  227.0 |
               +--------+--------+--------+--------+--------+-----+--------+

Top non-repeatable levels by time:
     D:1: 435 daAuts
     D:2: 19 daAuts
